 Dungeon Crawl Stone Soup version 0.31-a0-542-gdc2a67831c (webtiles) character file.

Game seed: 6991127560680529991

55 Iich the Trooper (level 3, -3/29 HPs)
             Began as a Demonspawn Fighter on Aug 15, 2023.
             Slain by Sigmund
             ... wielding a +0 scythe of venom
              (7 damage)
             ... on level 2 of the Dungeon.
             The game lasted 00:01:41 (926 turns).

Iich the Trooper (Demonspawn Fighter)                Turns: 926, Time: 00:01:41

Health: -3/29      AC:  7    Str: 16    XL:     3   Next: 67%
Magic:  3/3        EV:  9    Int:  9    God:
Gold:   59         SH:  0    Dex: 14    Spells: 2/2 levels left

rFire   . . .        a - +0 war axe
rCold   . . .        c - +0 buckler
rNeg    . . .        b - +0 scale mail
rPois   .            (no helmet)
rElec   .            (no cloak)
rCorr   .            f - +0 pair of gloves
SInv    .            (no boots)
Will    .....        e - amulet of faith Stlth
                     (no ring)
HPRegen 0.24/turn    (no ring)
MPRegen 0.08/turn

%: faith
@: confused, lethally poisoned (-3 -> -14)
A: demonic guardian 1
a: no special abilities


You were on level 2 of the Dungeon.
You visited 1 branch of the dungeon, and saw 2 of its levels.

You collected 59 gold pieces.

Inventory:

Hand Weapons
 a - a +0 war axe (weapon)
Armour
 b - a +0 scale mail (worn)
 c - a +0 buckler (worn)
 f - a +0 pair of gloves (worn)
Jewellery
 e - an amulet of faith (around neck)
Scrolls
 i - 3 scrolls of identify
Potions
 d - a potion of might
 g - a potion of cancellation {unknown}
 q - a potion of curing


   Skills:
 + Level 3.4 Fighting
 * Level 2.9 Axes
 - Level 2.6 Armour
 + Level 1.3 Dodging
 - Level 2.6 Shields


You had 2 spell levels left.
You didn't know any spells.
Your spell library was empty.

Dungeon Overview and Level Annotations

Branches:
Dungeon (2/15)

Altars:

Annotations:
D:2 Sigmund


Innate Abilities, Weirdness & Mutations

A weak demonic guardian rushes to your aid.


Message History

A bat comes into view.
You closely miss the adder. You hit the kobold.
You kill the kobold!
The bat hits you but does no damage. The adder closely misses you.
The adder misses you.
You slash the adder!
You kill the adder!
You barely miss the bat. The bat hits you but does no damage. x2
The bat barely misses you.
Sigmund the Dreaded comes into view.
He is wielding a +0 scythe of venom.
Sigmund shouts!
You hit the bat.
You kill the bat!
Sigmund points at you and mumbles some strange words.
You are confused.
You are too confused!
You are too confused!
Unknown command.
You bump into the rock wall.
Sigmund hits you from afar with a +0 scythe of venom.
You are poisoned.
You see here a bat corpse.
You take 6 damage, and have 23/29 hp. !!!!--MASSIVE DAMAGE--!!!!
You're too confused to move!
You feel very sick.
Sigmund hits you from afar with a +0 scythe of venom!
* * * LOW HITPOINT WARNING * * *
A demonic guardian appears!
You are lethally poisoned!
You take 11 damage, and have 12/29 hp. !!!!--MASSIVE DAMAGE--!!!!
You bump into the rock wall.
* * * LOW HITPOINT WARNING * * *
You feel very sick.
You take 4 damage, and have 8/29 hp.
You bump into the rock wall.
* * * LOW HITPOINT WARNING * * *
You feel very sick.
Sigmund says, "Now you see me, now you don't..."
Sigmund hits you from afar with a +0 scythe of venom!
You die...

.. ... ... #
#.#.. ##. #.#.# .
....#.#@. .?.
#..#.#5###>....
###....†)@).....#
#........########
........#
.#..#.#.##
#...###$#
#..#.#.##
#..##.### ##.# #.
#...#####..... #
##...#...>#


You could see Sigmund (ally target) and a friendly white imp (summoned).

Vanquished Creatures
  An adder (D:2)
  A worm (D:2)
  A dart slug (D:1)
  6 bats
  5 endoplasms
  A goblin (D:2)
  2 hobgoblins (D:1)
  4 quokkas
  2 ball pythons
  3 frilled lizards (D:1)
  2 kobolds
  2 rats
30 creatures vanquished.

Vanquished Creatures (collateral kills)
  A gnoll (D:1)
1 creature vanquished.

Grand Total: 31 creatures vanquished

Notes
Turn   | Place    | Note
-------+----------+-------------------------------------------
     0 | D:1      | Iich the Demonspawn Fighter began the quest for the Orb.
     0 | D:1      | Reached XP level 1. HP: 18/18 MP: 1/1
     2 | D:1      | Noticed a meteoran
     2 | D:1      | Noticed a troll
     4 | D:1      | Noticed a ghoul
     6 | D:1      | Noticed an ogre
     6 | D:1      | Noticed a demonspawn
     8 | D:1      | Noticed a naga
    10 | D:1      | Noticed a tengu
    10 | D:1      | Noticed a draconian
    12 | D:1      | Noticed a vampire
    14 | D:1      | Noticed a gargoyle
    14 | D:1      | Noticed a demigod
    16 | D:1      | Noticed a human
    16 | D:1      | Noticed an octopode
    18 | D:1      | Noticed a vine stalker
    18 | D:1      | Noticed a spriggan
    20 | D:1      | Noticed a minotaur
    20 | D:1      | Noticed an elf
    22 | D:1      | Noticed a felid
    22 | D:1      | Noticed a merfolk
    24 | D:1      | Noticed a felid
    24 | D:1      | Noticed a formicid
    26 | D:1      | Noticed a vampire
    26 | D:1      | Noticed a demigod
   170 | D:1      | Gained mutation: A weak demonic guardian rushes to your
                  | aid. [demonic ancestry]
   170 | D:1      | Reached XP level 2. HP: 24/24 MP: 2/2
   519 | D:1      | Reached skill level 1 in Dodging
   519 | D:1      | Reached XP level 3. HP: 18/29 MP: 3/3
   920 | D:2      | Noticed Sigmund
   926 | D:2      | Slain by Sigmund

Illustrated notes

Levels and vault maps discovered:
D:1:      kb_arrival_jail, layout_loops_ring, kennysheep_boxes
D:2:      layout_loops_ring, uniq_sigmund

Skill      XL: |  1  2 |
---------------+-------+-----
Axes           | 2 |  2.9
Dodging        | 1 |  1.3
Fighting       | |  3.4
Armour         | |  2.6
Shields        | |  2.6

Action                     || total
---------------------------++-------
  Melee: War axe           ||    88
    Use: Scroll            ||     1
 Armour: Scale mail        ||    48
  Dodge: Dodged            ||    36
  Block: Buckler           ||    16

Table legend: (Time is in decaauts)
 A = Elapsed time spent in this place.
 B = Non-inter-level travel time spent in this place.
 C = Inter-level travel time spent in this place.
 D = Time resting spent in this place.
 E = Time spent auto-exploring this place.
 F = Levels seen in this place.
 G = Mean time per level.
                   A        B        C        D        E       F      G
               +--------+--------+--------+--------+--------+-----+--------+
         Total |    962 |    942 |     20 |      0 |    705 |   2 |  481.0 |
       Dungeon |    962 |    942 |     20 |      0 |    705 |   2 |  481.0 |
               +--------+--------+--------+--------+--------+-----+--------+

Top non-repeatable levels by time:
     D:1: 778 daAuts
     D:2: 184 daAuts
